Map: 썬더버드 - 래더

Players

TSGSolar (Solar) - Winner!

  • Race: Zerg Zerg
  • League: Diamond
  • Spawn Location: 11:00

llllllllllll (Oliveira)

  • Race: Terran Terran
  • League: Master
  • Spawn Location: 5:00

Event: HomeStory Cup XX

VOD

Have the link to the VOD?

Description

Time

  • Played on: Nov. 21, 2019, 5:41 a.m.
  • Length: 15:18

All games in this series

Show
View Real Time Build Order
Export as new Build Order

TSGSolar Zerg - Winner!

Build Orders: Hatch First, Muta Ling Bane 

Get SALT Encoding   

  12  0:01  Drone  
  13  0:12  Overlord  
  13  0:17  Drone  
  14  0:31  Drone x2  
  16  0:48  Hatchery  
  15  0:50  Drone  
  15  0:54  Drone  
  17  0:58  Drone  
  18  1:09  Extractor  
  17  1:13  Spawning Pool  
  17  1:16  Drone  
  17  1:20  Drone  
  18  1:30  Drone  
  19  1:39  Drone  
  20  1:49  Overlord  
  20  1:59  Queen x2  
  24  2:02  Zergling x4  
  26  2:11  Drone  
  26  2:12  Drone  
  28  2:16  Metabolic Boost  
  28  2:28  Hatchery  
  27  2:31  Drone  
  27  2:33  Drone  
  27  2:35  Drone  
  30  2:43  Queen  
  32  2:49  Drone  
  33  2:51  Overlord  
  33  2:54  Drone  
  33  2:56  Drone  
  36  2:58  Drone  
  36  3:10  Drone  
  36  3:11  Drone x4  
  41  3:18  Overlord  
  41  3:19  Queen  
  43  3:21  Drone  
  44  3:28  Overlord  
  44  3:37  Drone  
  44  3:40  Drone  
  46  3:41  Queen  
  46  3:43  Drone x5  
  53  3:48  Zergling x2  
  53  3:50  Zergling x2  
  53  3:51  Zergling x2  
  53  3:52  Overlord  
  53  3:53  Drone  
  53  3:54  Drone  
  58  3:57  Queen  
  60  4:03  Drone, Baneling Nest  
  60  4:05  Overlord  
  60  4:13  Drone x2  
  60  4:14  Drone  
  60  4:16  Drone  
  64  4:19  Spore Crawler  
  64  4:22  Drone  
  65  4:24  Zergling x2, Spore Crawler, Lair  
  65  4:26  Extractor, Zergling x2  
  65  4:27  Extractor, Zergling x4  
  65  4:32  Drone  
  65  4:35  Drone x2  
  65  4:38  Overlord  
  68  4:44  Overlord  
  68  4:46  Drone  
  68  4:48  Overlord  
  68  4:50  Drone x3  
  72  4:54  Drone  
  72  4:55  Drone  
  72  4:57  Baneling  
  72  4:58  Baneling x2, Overlord  
  72  4:59  Drone  
  75  5:01  Baneling, Drone  
  75  5:05  Extractor, Zergling x4  
  75  5:06  Extractor, Drone x2  
  77  5:08  Drone  
  77  5:09  Zergling x2  
  77  5:13  Zergling x2  
  80  5:15  Baneling x2  
  80  5:18  Zergling x4  
  77  5:23  Zergling x2  
  77  5:25  Queen x2  
  74  5:29  Baneling x3  
  74  5:32  Zergling x2  
  74  5:33  Zergling x12  
  76  5:37  Queen  
  76  5:39  Zergling x4  
  76  5:41  Zergling x4  
  80  5:46  Zergling x4  
  79  5:51  Zergling x2  
  79  5:54  Drone x2  
  79  5:56  Spire  
  77  6:00  Drone  
  77  6:01  Queen  
  78  6:08  Queen  
  78  6:09  Drone x2  
  82  6:12  Centrifical Hooks  
  82  6:13  Drone  
  82  6:14  Extractor  
  82  6:16  Drone x2  
  84  6:22  Drone  
  84  6:26  Overlord  
  84  6:27  Drone  
  85  6:33  Drone  
  85  6:39  Drone x3  
  89  6:42  Zergling x10  
  89  6:43  Drone  
  89  6:46  Drone x3  
  97  6:47  Evolution Chamber x2  
  97  6:51  Overlord  
  97  6:53  Overlord  
  95  7:03  Hatchery  
  94  7:09  Mutalisk x7  
  108  7:15  Mutalisk x2  
  108  7:17  Zerg Ground Armor Level 1  
  108  7:18  Zergling x12  
  108  7:20  Zergling x2  
  108  7:22  Zerg Melee Weapons Level 1  
  119  7:27  Baneling x5  
  119  7:28  Zergling x4  
  121  7:31  Zergling x2  
  121  7:35  Zerg Flyer Weapons Level 1  
  121  7:36  Overlord  
  122  7:43  Drone x2  
  124  7:45  Baneling x2  
  124  7:46  Baneling, Drone x3  
  124  7:47  Overseer  
  124  7:49  Baneling x2  
  127  7:51  Zergling x6  
  127  7:54  Zergling x6  
  127  8:01  Drone  
  127  8:02  Drone x3  
  131  8:08  Drone  
  131  8:11  Extractor  
  131  8:12  Hatchery  
  131  8:13  Extractor  
  131  8:14  Drone, Overlord  
  131  8:19  Mutalisk x2  
  132  8:26  Mutalisk x4  
  140  8:27  Queen  
  141  8:38  Infestation Pit  
  141  8:39  Drone x6  
  146  8:43  Drone x3  
  146  8:46  Overlord  
  149  8:48  Zergling x4  
  149  8:50  Overlord  
  149  8:52  Overlord  
  149  8:53  Overlord  
  149  8:55  Hatchery, Overlord  
  150  8:59  Overlord  
  150  9:01  Baneling  
  150  9:02  Baneling x2  
  150  9:04  Pneumatized Carapace  
  150  9:06  Zergling x10  
  154  9:14  Overseer  
  154  9:15  Zergling x4  
  154  9:16  Zergling x10  
  154  9:17  Zerg Ground Armor Level 2, Zerg Melee Weapons Level 2  
  161  9:21  Drone x4  
  161  9:23  Hive  
  165  9:25  Mutalisk  
  165  9:28  Zergling x2  
  169  9:31  Zergling x4  
  171  9:38  Zergling x24  
  171  9:43  Zergling x4  
  184  9:46  Zergling x10  
  184  9:52  Overseer  
  189  9:53  Overseer  
  189  9:58  Overlord  
  190  10:00  Zergling x14  
  190  10:04  Overlord  
  196  10:08  Baneling x26  
  196  10:10  Zergling x4  
  196  10:12  Baneling  
  196  10:13  Baneling x7  
  196  10:17  Zergling x8  
  196  10:18  Baneling  
  196  10:19  Baneling x5  
  197  10:47  Zergling x28  
  200  10:56  Zergling x30  
  198  11:02  Overlord  
  198  11:03  Adrenal Glands, Nydus Network  
  197  11:04  Ultralisk Cavern, Drone  
  197  11:07  Drone  
  197  11:09  Spore Crawler  
  197  11:10  Hatchery  
  196  11:11  Greater Spire  
  192  11:21  Zergling x16  
  192  11:24  Zergling x2  
  192  11:25  Zergling x4  
  198  11:44  Nydus Canal  
  197  11:53  Zergling x16  
  197  11:54  Chitinous Plating  
  197  11:58  Ultralisk  
  197  12:04  Zerg Ground Armor Level 3, Zerg Melee Weapons Level 3  
  197  12:08  Nydus Canal  
  197  12:24  Nydus Canal  
  197  12:29  Zergling x10  
  200  12:30  Baneling  
  200  12:31  Baneling x12  
  200  12:35  Ultralisk x2  
  196  12:47  Nydus Canal  
  196  12:48  Zergling x2  
  196  12:49  Zergling x6  
  200  13:07  Baneling x9  
  200  13:13  Anabolic Synthesis  
  194  13:22  Zergling x2  
  194  13:23  Zergling x26  
  199  13:30  Nydus Canal  
  198  13:38  Zergling x6  
  198  13:39  Zergling x14  
  198  13:41  Zergling x8  
  198  13:44  Zergling x14, Ultralisk x2  
  198  13:47  Zergling x20  
  193  13:51  Baneling x19  
  193  13:52  Baneling x9  
  193  13:54  Zergling x4  
  191  14:01  Drone x2  
  193  14:03  Zergling x12  
  193  14:05  Spore Crawler  
  194  14:12  Overseer  
  194  14:16  Drone x5  
  194  14:17  Hatchery, Drone x2  
  187  14:18  Zergling x8  
  185  14:26  Zergling x28  
  198  14:32  Zergling x6  
  198  14:36  Corruptor x4  
  193  14:41  Corruptor x2  
  186  14:47  Corruptor x3  
  186  14:48  Corruptor x2  
  196  14:54  Zergling x2  
  196  14:55  Zergling x8  
  196  14:58  Zergling x4  
Show
View Real Time Build Order
Export as new Build Order

llllllllllll Terran 

Build Orders: Hellion Opening, Reaper Expand 

Get SALT Encoding   

  12  0:00  SCV  
  13  0:13  SCV  
  14  0:17  Supply Depot  
  14  0:25  SCV  
  15  0:38  SCV  
  15  0:40  Barracks  
  16  0:43  Refinery  
  16  0:50  SCV  
  17  1:02  SCV  
  18  1:14  SCV  
  19  1:27  Orbital Command, Reaper  
  20  1:39  Command Center  
  20  1:50  Supply Depot  
  20  1:53  SCV  
  21  1:59  Marine  
  22  2:05  SCV  
  22  2:07  Factory  
  23  2:11  Refinery  
  23  2:19  SCV  
  23  2:20  Barracks Reactor  
  24  2:31  SCV  
  25  2:43  SCV  
  26  2:51  Orbital Command  
  26  2:53  Starport  
  26  2:55  SCV  
  27  3:00  Hellion x2  
  27  3:02  Barracks Tech Lab  
  31  3:07  SCV  
  32  3:17  SCV  
  34  3:20  SCV  
  34  3:22  Hellion x2  
  38  3:29  Viking, Supply Depot  
  38  3:30  Marauder  
  38  3:31  SCV  
  38  3:33  SCV  
  44  3:43  SCV  
  44  3:45  SCV  
  44  3:47  Supply Depot  
  46  3:51  Hellion x2  
  46  3:52  Marauder  
  46  3:55  Concussive Shells  
  52  3:56  SCV  
  52  4:00  SCV  
  54  4:08  Armory  
  54  4:09  Medivac, SCV  
  57  4:11  Supply Depot  
  57  4:13  Marauder  
  59  4:18  Hellion  
  59  4:23  SCV  
  62  4:32  SCV  
  62  4:33  Hellion  
  62  4:36  SCV  
  62  4:37  Command Center  
  66  4:41  Supply Depot  
  66  4:48  SCV  
  66  4:52  Marine, Stimpack  
  70  4:55  Starport Reactor  
  68  5:00  Barracks  
  68  5:01  Barracks  
  68  5:02  SCV  
  68  5:03  Supply Depot  
  68  5:04  Factory Tech Lab  
  69  5:10  Marine  
  68  5:18  SCV  
  68  5:24  SCV  
  59  5:29  Siege Tank  
  59  5:30  Refinery x2, Engineering Bay x2  
  59  5:31  SCV  
  60  5:37  Marine  
  60  5:40  SCV  
  62  5:48  Starport Reactor  
  62  5:51  SCV  
  62  5:55  Marine, Orbital Command  
  54  5:57  Terran Infantry Weapons Level 1  
  54  5:59  Marine x2  
  54  6:01  Siege Tank, SCV  
  57  6:07  Terran Infantry Armor Level 1  
  57  6:10  Barracks x2  
  57  6:11  Marine x2  
  56  6:12  SCV  
  56  6:13  Marine  
  56  6:14  SCV  
  61  6:19  Marine  
  61  6:21  Orbital Command  
  61  6:22  Marine  
  61  6:24  SCV  
  64  6:25  Medivac  
  64  6:26  Medivac, SCV  
  64  6:29  Command Center  
  64  6:32  Marine x2  
  71  6:34  Combat Shield  
  71  6:35  Marine  
  71  6:36  SCV  
  71  6:38  SCV  
  74  6:46  SCV  
  75  6:48  Marine, Siege Tank, SCV  
  75  6:50  SCV  
  75  6:53  Marine x2  
  75  6:54  Supply Depot  
  83  6:56  Marine  
  83  6:58  SCV  
  83  6:59  Barracks Reactor x2  
  83  7:00  SCV  
  86  7:01  Marine  
  86  7:02  SCV  
  86  7:06  Marine  
  89  7:09  Supply Depot  
  89  7:10  Refinery x2, SCV  
  89  7:12  Marine x2, SCV  
  89  7:14  SCV  
  94  7:17  Marine, Medivac x2  
  94  7:22  Marine  
  100  7:23  SCV  
  100  7:24  Supply Depot, SCV  
  100  7:27  Siege Tank  
  100  7:28  Marine  
  100  7:29  Marine, SCV  
  107  7:35  SCV  
  107  7:36  Marine x2  
  110  7:37  Marine x3  
  110  7:40  Marine  
  110  7:41  Marine  
  110  7:43  SCV  
  117  7:46  Marine  
  117  7:47  Marine  
  117  7:48  SCV  
  117  7:49  Factory  
  121  7:51  SCV  
  121  7:53  Supply Depot  
  121  7:55  SCV  
  120  7:59  Marine x6  
  120  8:00  Siege Tank  
  120  8:01  Marine  
  120  8:04  Missile Turret  
  126  8:10  Missile Turret x2  
  126  8:11  Drilling Claws, Terran Vehicle And Ship Armor Level 1  
  126  8:13  Planetary Fortress  
  126  8:16  SCV x2  
  126  8:19  Marine x2, SCV  
  130  8:22  Marine  
  131  8:28  SCV x2  
  131  8:29  Marine x2  
  131  8:31  Marine, SCV  
  131  8:33  Terran Infantry Weapons Level 2  
  135  8:35  Terran Infantry Armor Level 2  
  135  8:36  Factory Reactor  
  135  8:39  Marine  
  135  8:40  SCV x2  
  138  8:43  SCV  
  138  8:45  Supply Depot  
  138  8:47  Thor  
  145  8:50  Marine  
  145  8:52  Missile Turret, SCV  
  145  8:54  Marine  
  145  8:55  Supply Depot  
  148  8:56  Supply Depot  
  148  9:05  Supply Depot  
  148  9:06  Marine x4, SCV x3  
  148  9:07  Marine  
  148  9:09  Supply Depot  
  156  9:16  Barracks, SCV  
  157  9:17  Supply Depot  
  157  9:18  Barracks  
  157  9:19  Marine, Supply Depot, Barracks  
  157  9:21  Widow Mine x2  
  157  9:23  SCV x2  
  164  9:27  Marine x2, Sensor Tower  
  166  9:34  Thor  
  166  9:38  Marine x2, SCV  
  170  9:41  Medivac x2  
  170  9:43  Marine, SCV x2  
  179  9:46  Marine x2  
  179  9:47  Marine, Widow Mine x2  
  179  9:48  Marine x2  
  179  9:52  Marauder  
  190  9:54  SCV  
  190  9:57  Command Center  
  191  10:08  Barracks Tech Lab  
  191  10:12  Barracks Tech Lab  
  191  10:13  Marine, Barracks Tech Lab  
  191  10:14  Widow Mine x2, Marine x2, Marauder  
  200  10:25  Command Center  
  200  10:29  Terran Vehicle And Ship Armor Level 2  
  200  10:31  Missile Turret x2  
  200  10:36  Refinery  
  200  10:40  Refinery  
  198  10:55  Marauder x2  
  198  10:56  Widow Mine x2  
  197  10:58  Marine x2  
  197  11:02  Ghost Academy  
  197  11:04  Fusion Core, Terran Infantry Armor Level 3  
  199  11:06  Starport  
  199  11:07  Starport  
  199  11:08  Marine  
  200  11:25  Marine x2, Marauder  
  199  11:28  Marine  
  199  11:31  SCV  
  195  11:36  SCV  
  195  11:38  Factory Reactor  
  195  11:40  Marine  
  195  11:44  Marine  
  197  11:47  Marine x2  
  199  11:55  Marine  
  199  11:58  Advanced Ballistics  
  199  12:00  Starport Tech Lab, Starport Reactor, Personal Cloaking  
  200  12:06  Orbital Command, Missile Turret  
  200  12:09  Command Center  
  200  12:10  Planetary Fortress, Command Center  
  200  12:26  Liberator  
  200  12:31  Missile Turret  
  200  12:33  Missile Turret  
  200  12:35  Marine x2, Marauder  
  200  12:36  Widow Mine x2, SCV  
  198  12:41  SCV  
  198  12:42  Ghost  
  199  12:44  SCV  
  198  12:51  SCV  
  198  12:54  SCV  
  200  12:59  Sensor Tower  
  200  13:08  Refinery x2, Command Center x2  
  200  13:12  Ghost x2  
  192  13:17  Liberator x4  
  194  13:24  Ghost x2  
  184  13:40  Ghost  
  191  13:42  Ghost  
  191  13:45  SCV  
  191  13:48  Liberator  
  176  13:51  SCV x2  
  176  13:53  Ghost x2  
  179  13:56  Widow Mine x2  
  179  13:57  Widow Mine  
  179  14:02  Orbital Command x2  
  185  14:08  Nuke  
  188  14:11  Ghost Academy  
  188  14:12  Ghost Academy  
  179  14:18  Widow Mine  
  179  14:19  Ghost x2  
  179  14:21  Widow Mine  
  162  14:43  Widow Mine x2  
  134  14:50  Orbital Command  
  122  14:55  Marine x2  
  110  15:04  SCV  
Tags
 
Add a new tag
Caveats
  • Supply blocks, unpowered buildings, or Contaminate may cause inaccurate times.
  • Supply counts are checked every 10 seconds.